 Dungeon Crawl Stone Soup version 0.31-a0-868-g674d60d6f7 (webtiles) character file.

Game seed: 9852308403993702294

89 pokeman the Magician (level 4, -4/25 HPs)
             Began as a Deep Elf Hedge Wizard on Oct 12, 2023.
             Slain by an orc
             ... wielding a +0 short sword
              (5 damage)
             ... on level 3 of the Dungeon.
             The game lasted 00:03:42 (2316 turns).

pokeman the Magician (Deep Elf Hedge Wizard)        Turns: 2316, Time: 00:03:43

Health: -4/25      AC:  2    Str:  7    XL:     4   Next: 31%
Magic:  5/13       EV: 12    Int: 21    God:
Gold:   62         SH:  0    Dex: 14    Spells: 6/14 levels left

rFire   . . .        k - +1 dagger (venom)
rCold   . . .        (no shield)
rNeg    . . .        b - +0 robe
rPois   .            c - +0 hat
rElec   .            l - scarf {repulsion}
rCorr   .            (no gloves)
SInv    .            (no boots)
Will    .....        (no amulet)
Stlth   ++           (no ring)
HPRegen 0.24/turn    (no ring)
MPRegen 0.13/turn

%: repel missiles
@: lethally poisoned (-4 -> -15)
A: no striking features
a: no special abilities


You were on level 3 of the Dungeon.
You visited 1 branch of the dungeon, and saw 3 of its levels.

You collected 62 gold pieces.

Inventory:

Hand Weapons
 k - a +1 dagger of venom (weapon)
Armour
 b - a +0 robe (worn)
 c - a +0 hat (worn)
 l - a scarf of repulsion (worn)
Scrolls
 e - a scroll of amnesia {unknown}
 h - a scroll of vulnerability {unknown}
 j - a scroll of identify {unknown}
Potions
 a - 2 potions of brilliance {unknown}
 d - 2 potions of magic
 f - a potion of degeneration {unknown}
 g - a potion of heal wounds {unknown}
 i - a potion of haste {unknown}
 m - a potion of might {unknown}


   Skills:
 - Level 1.0 Fighting
 - Level 1.0 Armour
 + Level 2.7 Dodging
 + Level 2.7 Stealth
 * Level 5.6 Spellcasting
 + Level 2.1 Conjurations
 - Level 1.1 Summonings
 - Level 1.1 Translocations


You had 6 spell levels left.
You knew the following spells:

 Your Spells              Type           Power      Damage    Failure   Level
a - Magic Dart            Conj           60%        1d6       4%          1
b - Mephitic Cloud        Conj/Pois/Air  9%         N/A       22%         3
c - Call Imp              Summ           20%        N/A       10%         2
d - Blink                 Tloc           20%        N/A       10%         2

Your spell library contained the following spells:

 Spells                   Type           Power      Damage    Failure   Level
 Slow                     Hex            20%        N/A       10%         1
 Cigotuvi's Dreadful Rot  Necr/Pois/Air  10%        N/A       16%         2


Dungeon Overview and Level Annotations

Branches:
Dungeon (3/15)

Altars:

Shops:
D:2 =![


Message History

Aiming: Magic Dart (safe; 4% risk of failure)
Press: ? - help, Shift-Dir - straight line, f/p - goblin
Aim: a goblin, wielding a +0 dagger (heavily wounded, 100% to hit)
The magic dart hits the goblin.
You kill the goblin!
An adder comes into view.
An orc comes into view. It is wielding a +0 short sword.
The adder hisses angrily.
You closely miss the adder. The adder closely misses you.
You closely miss the adder. The adder barely misses you.
You hit the adder.
The adder is poisoned.
The adder is moderately wounded.
The worm seems less confused.
The adder closely misses you. The adder bites you but does no damage.
You closely miss the adder.
The adder is moderately wounded.
The adder bites you.
You hit the adder.
The adder looks even sicker.
The adder is moderately wounded.
The adder bites you but does no damage.
You hit the worm but do no damage. The adder bites you.
You are poisoned.
The adder poisons you! The worm barely misses you. The adder bites you.
You are more poisoned.
The adder poisons you!
You hit the worm.
The worm is poisoned.
The worm is lightly wounded.
You feel very sick. The adder barely misses you. The orc barely misses you.
You hit the worm.
The worm looks even sicker.
The worm is moderately wounded.
You feel sick. The adder bites you. The worm closely misses you.
The orc hits you with a +0 short sword.
You feel sick. The adder attacks as it pursues you! The adder bites you.
* * * LOW HITPOINT WARNING * * *
You are lethally poisoned!
The adder poisons you! The worm attacks as it pursues you! The worm bites you.
* * * LOW HITPOINT WARNING * * *
The orc hits you with a +0 short sword.
You die...

#............
............
#.........#
##....)....##.
#.............
#..........#
#.....)....#..
#...o@<.......
#...wS†.....#.
.............###
###.........##
....#..######
###.... ..###
... ..


You could see a worm (very poisoned), an adder (very poisoned) and an orc.

Vanquished Creatures
  3 adders (D:2)
  A worm (D:2)
  A dart slug (D:1)
  3 ball pythons
  5 bats
  3 endoplasms
  3 giant cockroaches
  6 goblins
  8 hobgoblins
  4 jackals (D:1)
  7 kobolds
  2 quokkas (D:1)
  4 frilled lizards
  A rat (D:2)
51 creatures vanquished.

Notes
Turn   | Place    | Note
-------+----------+-------------------------------------------
     0 | D:1      | pokeman the Deep Elf Hedge Wizard began the quest for the
                  | Orb.
     0 | D:1      | Reached XP level 1. HP: 10/10 MP: 7/7
   132 | D:1      | Reached XP level 2. HP: 16/16 MP: 5/9
   502 | D:1      | Reached skill level 5 in Spellcasting
   613 | D:1      | Reached XP level 3. HP: 13/20 MP: 3/11
   617 | D:1      | Learned a level 3 spell: Mephitic Cloud
   620 | D:1      | Learned a level 2 spell: Call Imp
   623 | D:1      | Learned a level 2 spell: Blink
  1125 | D:2      | Found a faded altar of an unknown god.
  1253 | D:2      | Reached skill level 1 in Armour
  1485 | D:2      | Reached skill level 1 in Fighting
  1527 | D:2      | Found Wizeps's Distillery.
  1624 | D:2      | Found Cirunl Irone's Jewellery Emporium.
  1663 | D:2      | Reached XP level 4. HP: 16/25 MP: 1/13
  2056 | D:2      | Found Jaren's Armour Shoppe.
  2316 | D:3      | HP: 1/25 [worm (6)]
  2316 | D:3      | Slain by an orc

Illustrated notes

Levels and vault maps discovered:
D:1:      wander_arrival_peaceful_grave, layout_rooms
D:2:      layout_basic, serial_shops, shop, nicolae_shop_gaudy_bauble,
          nicolae_shop_stone, ebering_ecumenical_altar_abandoned,
          minmay_pentomino_s2
D:3:      layout_rooms, nicolae_overflow_hidden_temple, cheibriados_altar_1,
          mainiacjoe_overflow_brackets, amcnicky_altar_gilded,
          nicolae_shop_vocational, uniq_robin

Skill      XL: |  1  2  3 |
---------------+----------+-----
Spellcasting   | 5 |  5.6
Armour         | 1 |  1.0
Fighting       | 1 |  1.0
Conjurations   | 2 |  2.1
Dodging        | |  2.7
Stealth        | |  2.7
Summonings     | |  1.1
Translocations | |  1.1

Action                     |  1- 3 |  4- 6 || total
---------------------------+-------+-------++-------
  Melee: Dagger            |    20 |     8 ||    28
   Cast: Magic Dart        |    97 |    29 ||   126
         Mephitic Cloud    |     1 |     1 ||     2
 Armour: Robe              |    24 |    11 ||    35
  Dodge: Dodged            |    26 |     9 ||    35

Table legend: (Time is in decaauts)
 A = Elapsed time spent in this place.
 B = Non-inter-level travel time spent in this place.
 C = Inter-level travel time spent in this place.
 D = Time resting spent in this place.
 E = Time spent auto-exploring this place.
 F = Levels seen in this place.
 G = Mean time per level.
                   A        B        C        D        E       F      G
               +--------+--------+--------+--------+--------+-----+--------+
         Total |   2315 |   2271 |     44 |      0 |   1984 |   3 |  771.7 |
       Dungeon |   2315 |   2271 |     44 |      0 |   1984 |   3 |  771.7 |
               +--------+--------+--------+--------+--------+-----+--------+

Top non-repeatable levels by time:
     D:2: 1247 daAuts
     D:1: 1048 daAuts
     D:3: 19 daAuts
